Cogmind - Beta 12 *** ADVENTURER MODE // 2023.04.10 @ 19:03:23 Player: Xero Result: Smashed by cave-in Performance ------------- Evolutions (0) 0 Regions Visited (2) 400 Robots Destroyed (22) 110 Value Destroyed (264) 264 Prototype IDs (0) 0 Alien Tech Used (0) 0 Bonus (66) 66 TOTAL SCORE: 840 Bonus ------- Follower Combat Kills 66 Cogmind --------- Core Integrity 0/250 Matter 300/300 Energy 121/125 System Corruption 2% Temperature Cool (22) Movement Treading (160) Location -10/Mines Parts ------- > --- POWER (1) -------- Light Ion Engine > --- PROPULSION (2) --- Light Treads Light Treads > --- UTILITY (2) ------ Large Storage Unit Visual Processing Unit > --- WEAPON (2) ------- Missile Launcher > --- INVENTORY (15) --- Light Ion Engine Light Treads Light Treads Armored Treads Titanium Leg Improved Heat Sink Compact Matter Pod (150) Seismic Detector Targeting Computer Heavy EM Pulse Gun Heavy EM Pulse Gun Heavy EM Pulse Gun Heavy Assault Rifle Mace Peak State ------------ > --- POWER ------------ Light Ion Engine > --- PROPULSION ------- Light Treads Light Treads > --- UTILITY ---------- Large Storage Unit Visual Processing Unit > --- WEAPON ----------- Missile Launcher Mace > --- INVENTORY -------- Light Ion Engine Armored Treads Titanium Leg Improved Heat Sink Compact Matter Pod Seismic Detector Heavy EM Pulse Gun Heavy EM Pulse Gun Heavy EM Pulse Gun Mining Laser [Rating: 13] Favorites ----------- Power Light Ion Engine Engine Light Ion Engine Propulsion Light Treads Treads Light Treads Leg Aluminum Leg Utility Large Storage Unit Storage Large Storage Unit Processor Visual Processing Unit Weapon Mining Laser Energy Gun Heavy EM Pulse Gun Ballistic Gun Assault Rifle Launcher Missile Launcher Special Weapon Mining Laser Impact Weapon Mace Build | -11 -10 -10 ------- Run | Jun Mat Min Slots Evolved . | . . . Power . | . . . Propulsion . | . . . Utility . | . . . Weapon . | . . . Parts Attached 26 | 6 10 10 Power 2 | 1 . 1 Engine 2 | 1 . 1 Core . | . . . Reactor . | . . . Propulsion 6 | 2 2 2 Treads 2 | . . 2 Leg 4 | 2 2 . Wheel . | . . . Hover . | . . . Flight . | . . . Utility 3 | 1 2 . Device . | . . . Storage 2 | 1 1 . Processor 1 | . 1 . Hackware . | . . . Protection . | . . . Artifact . | . . . Weapon 15 | 2 6 7 Energy Gun 5 | 2 3 . Energy Cannon . | . . . Ballistic Gun 1 | . 1 . Ballistic Cannon . | . . . Launcher 3 | . 1 2 Special Weapon 2 | . . 2 Impact Weapon 4 | . 1 3 Slashing Weapon . | . . . Piercing Weapon . | . . . Special Melee Weapon . | . . . Unidentified Prototypes . | . . . Parts Lost 4 | . . 4 Power 1 | . . 1 Propulsion 1 | . . 1 Utility . | . . . Weapon 2 | . . 2 Highest Loss Streak 2 | . . 2 To Critical Strikes . | . . . Average Slot Usage (%) 91 | . 80 95 Engine 13 | . 14 13 Treads 18 | . . 24 Leg 9 | . 28 3 Storage 14 | . 14 14 Processor 11 | . 3 14 Energy Gun 3 | . 9 1 Launcher 8 | . . 10 Special Weapon 5 | . . 7 Impact Weapon 5 | . 8 3 Naked Turns . | . . . Heaviest Build 31 | 10 29 31 Greatest Support 40 | 20 20 40 Greatest Overweight (x) 3 | 1 3 2 Average Overweight (x) . | . . . Largest Inventory Capacity 15 | 8 15 15 Average Capacity 14 | 6 12 15 Most Carried 15 | 4 8 15 Average Carried 7 | 2 4 9 Final Capacity 15 | 8 15 15 Final Carried 14 | 4 8 14 Class Distribution -------------------- 100% | Mutant Dominant Class ---------------- Mutant | -10/Materials Mutant | -10/Mines Resources | -11 -10 -10 ----------- Run | Jun Mat Min Matter Collected 664 | 188 182 294 Remotely . | . . . Salvage Created 760 | . 434 326 Parts 20 | . 11 9 Haulers Intercepted . | . . . Recyclers Shooed 1 | . 1 . Parts Field Recycled . | . . . Retrieved Matter . | . . . Parts Self-Destructed . | . . . Prevented . | . . . Kills | -11 -10 -10 ------- Run | Jun Mat Min Combat Hostiles Destroyed 22 | . 10 12 Melee 9 | . 4 5 Guns 2 | . . 2 AOE 6 | . 2 4 Classes Destroyed 7 | . 4 3 Worker 1 | . . 1 Builder 1 | . . 1 Recycler 5 | . 3 2 Watcher 1 | . 1 . Swarmer 11 | . 8 3 Grunt 3 | . 2 1 Assembled 8 | . . 8 Best Kill Streak 7 | . 7 6 Combat Bots Only 6 | . 6 5 Max Kills in Single Turn 4 | . 2 4 Gunslinging . | . . . Exploded 2 | . 2 2 Melee 1 | . 1 1 Uniques/NPCs Destroyed . | . . . Combat | -11 -10 -10 -------- Run | Jun Mat Min Damage Taken 966 | . 302 664 Core 256 | . 105 151 Absorbed by Shields . | . . . Core Remaining (%) 100 | 100 . . Volleys Fired 61 | . 7 54 Largest 2 | . 2 2 Hottest 100 | . 90 100 Shots Fired 72 | . 13 59 Gun 24 | . 12 12 Cannon . | . . . Launcher 5 | . 1 4 Special 43 | . . 43 Kinetic . | . . . Thermal 43 | . . 43 Explosive 5 | . 1 4 Electromagnetic 24 | . 12 12 Robot Hit Streak 8 | . 6 8 Robot Miss Streak 2 | . 1 2 Penetration Max . | . . . Secondary Targets . | . . . Shots Hit Robots 49 | . 24 25 Core Hits 24 | . 7 17 Critical Kills 3 | . 1 2 Critical Parts Destroyed 4 | . 4 . Critical Strikes 8 | . 5 3 Corrupt 1 | . . 1 Smash 7 | . 5 2 Melee Attacks 49 | . 32 17 Impact 49 | . 32 17 Slashing . | . . . Piercing . | . . . Sneak Attacks 3 | . 1 2 Combat Hostiles . | . . . Follow-up Attacks . | . . . Damage Inflicted 1789 | . 811 978 Guns 260 | . 144 116 Cannons . | . . . Explosions 377 | . 73 304 Melee 1152 | . 594 558 Ramming . | . . . Kinetic . | . . . Thermal . | . . . Explosive 377 | . 73 304 Electromagnetic 260 | . 144 116 Impact 1152 | . 594 558 Slashing . | . . . Piercing . | . . . Highest Corruption . | . . . Average Corruption . | . . . Corruption Purged . | . . . Corruption Blocked . | . . . Overload Shots . | . . . Overflow Damage 264 | . 207 57 Projectiles . | . . . Explosions 10 | . 10 . Melee 254 | . 197 57 Knockbacks 4 | . 4 . Impact 4 | . 4 . Kinetic . | . . . Secondary . | . . . Self-Inflicted Damage 12 | . . 12 Shots 1 | . . 1 Rammed . | . . . Targets Rammed . | . . . Kicked . | . . . Crushed . | . . . Highest Temperature 158 | . 60 158 Average Temperature 48 | . 26 50 Received Heat Transfer 59 | . 6 53 Siege Activations . | . . . Robots Corrupted . | . . . Combat Hostiles . | . . . Parts Fried 5 | . 5 . Impact Corruptions 15 | . 11 4 Robots Melted . | . . . Combat Hostiles . | . . . Parts Melted . | . . . Heat Transferred . | . . . Parts Sabotaged . | . . . Parts Stolen . | . . . Parts Stripped . | . . . Power Chain Reactions . | . . . Missiles Intercepted . | . . . Alert | -11 -10 -10 ------- Run | Jun Mat Min Peak Influence 277 | . 277 146 Initial 40 | . . 40 Average 55 | . 124 33 Maximum Alert Level 1 | . 1 . Low Security (%) 91 | 100 67 100 Level 1 8 | . 32 . Level 2 . | . . . Level 3 . | . . . Level 4 . | . . . Level 5 . | . . . High Security . | . . . Max Security . | . . . Squads Dispatched 1 | . . 1 Investigation 1 | . . 1 Extermination . | . . . Reinforcement . | . . . Assault . | . . . Garrison . | . . . Intercept . | . . . Searches Triggered . | . . . Construction Impeded . | . . . Haulers Reinforced . | . . . Active Scanning Responses . | . . . Cargo Convoy Interrupts . | . . . Stealth | -11 -10 -10 --------- Run | Jun Mat Min Distress Signals 4 | . 4 . Communications Jammed . | . . . Distress Signals . | . . . Times Spotted 39 | . 16 23 Peak Tracking Total 7 | . 7 7 Tactical Retreats 5 | . 1 4 Traps | -11 -10 -10 ------- Run | Jun Mat Min Traps Triggered 1 | . 1 . Indirectly . | . . . Trap Hack Attempts . | . . . Triggered . | . . . Disarmed . | . . . Reprogrammed . | . . . Reused . | . . . Traps Extracted . | . . . Installed . | . . . Triggered . | . . . Machines | -11 -10 -10 ---------- Run | Jun Mat Min Machines Disabled . | . . . Max in Single Turn . | . . . Machines Repaired . | . . . Machines Sabotaged . | . . . Overloaded Fab Kills . | . . . Hacking | -11 -10 -10 --------- Run | Jun Mat Min Machines Accessed 5 | . 4 1 Terminals 4 | . 4 . Fabricators . | . . . Repair Stations . | . . . Recycling Units . | . . . Scanalyzers . | . . . Garrison Access . | . . . Total Hacks 6 | . 5 1 Successful 3 | . 2 1 Failed 3 | . 3 . Catastrophic . | . . . Database Lockouts . | . . . Manual 5 | . 5 . Terminals 5 | . 5 . Fabricators . | . . . Repair Stations . | . . . Recycling Units . | . . . Scanalyzers . | . . . Garrison Access . | . . . Terminal Hacks 1 | . . 1 Open Door 1 | . . 1 Fabricator Hacks . | . . . Repair Station Hacks . | . . . Recycling Unit Hacks . | . . . Scanalyzer . | . . . Garrison Access Hacks . | . . . Unauthorized Hacks 2 | . 2 . Terminals 2 | . 2 . Assimilate 2 | . 2 . Fabricators . | . . . Repair Stations . | . . . Recycling Units . | . . . Scanalyzers . | . . . Garrison Access . | . . . Data Cores Recovered . | . . . Used . | . . . Hacking Detections 4 | . 4 . Full Trace Events . | . . . Feedback Events . | . . . Feedback Blocked . | . . . Robot Schematics Acquired . | . . . Robots Built . | . . . Authchips . | . . . Time . | . . . Total Robot Build Rating . | . . . Part Schematics Acquired . | . . . Parts Built . | . . . Authchips . | . . . Time . | . . . Total Part Build Rating . | . . . Parts Repaired . | . . . Time . | . . . Parts Recycled . | . . . Recycled Matter . | . . . Retrieved Matter . | . . . Retrieved Components . | . . . Parts Scanalyzed . | . . . Part Schematics Acquired . | . . . Parts Damaged . | . . . Bothacking | -11 -10 -10 ------------ Run | Jun Mat Min Used RIF Installer . | . . . Robots Hacked . | . . . Non-combat . | . . . Combat . | . . . Robot Hacks Applied . | . . . Relay Couplers Released . | . . . Fabnet Peak Effective % . | . . . Robots Rewired . | . . . Allies Hacked . | . . . Hacks Repelled . | . . . Allies | -11 -10 -10 -------- Run | Jun Mat Min Total Allies 3 | . . 3 Largest Group 3 | . . 3 Highest-Rated Group 40 | . . 40 Highest-Rated Ally 16 | . . 16 Total Orders 3 | . . 3 STAY 3 | . . 3 Ally Attacks 12 | . . 12 Total Damage 161 | . . 161 Kills 2 | . . 2 Allies Corrupted . | . . . Allies Melted . | . . . Intel | -11 -10 -10 ------- Run | Jun Mat Min Robot Analysis Total . | . . . Derelict Logs Recovered 1 | . . 1 Drone Launches . | . . . Drone Recoveries . | . . . Exploration | -11 -10 -10 ------------- Run | Jun Mat Min Turns Passed 2577 | 63 638 1876 Spaces Moved 1228 | 46 270 912 Core 13 | 10 3 . Treads 849 | . . 849 Legs 366 | 36 267 63 Wheels . | . . . Hover . | . . . Flight . | . . . Fastest Speed 50 | 50 120 160 Average Speed 161 | 111 166 162 Slowest Speed 260 | 120 200 260 Overloaded Moves . | . . . Propulsion Burnouts . | . . . Robots Hopped . | . . . Cave-ins Triggered 3 | . 2 1 Exploration Rate (%) 52 | 4 53 99 Regions Visited 2 Branch Regions 1 Pre-discovered Areas 1 | . . 1 Known Exits Taken . | . . . Unknown Exits Taken 2 | 1 1 . Scrap Searched 1 | . . 1 Spaces Dug 28 | . 8 20 Terrain Destroyed 64 | . 8 56 Melee 8 | . 8 . Projectile 21 | . . 21 AOE 35 | . . 35 Terrain Rammed . | . . . Walls Destroyed . | . . . Machines Disabled . | . . . Actions | -11 -10 -10 --------- Run | Jun Mat Min Total 1578 | 55 392 1131 Wait 180 | . 59 121 Move 1224 | 45 268 911 Hop . | . . . Pick Up 23 | 4 7 12 Fast Attach 13 | 6 6 1 Attach 9 | . 3 6 Detach 4 | . 2 2 Swap 4 | . 1 3 Drop 10 | . 6 4 Fire 61 | . 7 54 Melee 49 | . 32 17 Ram . | . . . Kick . | . . . Crush . | . . . Escape Stasis 1 | . 1 . Rewire . | . . . Trap . | . . . Miscellaneous . | . . . Route ------- -11/Junkyard -10/Materials (discovered 3 exits: [*Mat x2] / *Min) -10/Mines (discovered 2 exits: [*Mat x2]) History --------- Turn | Location | Event 33 | -11/Junkyard | Discovered new exit (range 15) 64 | -11/Junkyard | Entered Materials 138 | -10/Materials | Crushed by falling debris 144 | -10/Materials | Crushed by falling debris 317 | -10/Materials | Build established: Mutant 358 | -10/Materials | Discovered new exit (range 10) 568 | -10/Materials | Discovered new exit (range 18) 652 | -10/Materials | Discovered new exit (range 12) 702 | -10/Materials | Entered Mines 785 | -10/Mines | Assembled infested the area 824 | -10/Mines | Core integrity fell below 50% 917 | -10/Mines | Core integrity fell below 20% 1035 | -10/Mines | Received a Rocket Launcher from a helpful Derelict 1742 | -10/Mines | Met a Derelict shopkeep closing up shop 1980 | -10/Mines | Discovered new exit (range 14) 2007 | -10/Mines | Assisted by bots powering up and referring to "LRC-V3" 2187 | -10/Mines | Found a hidden stash of uninstalled traps 2193 | -10/Mines | Discovered new exit (range 12) 2578 | -10/Mines | Crushed by falling debris 2578 | -10/Mines | Smashed by cave-in Last Messages --------------- 02139_ Destroyed Heat Sink. 02139_ Y-45 Defender system corrupted by crushing effect. 02141_ Y-45 Defender heat damages Lgt. Treads. 02141_ Y-45 Defender destroyed. 02144_ Acquired Lgt. Treads. 02145_ Acquired 10 matter. 02148_ Acquired Lgt. Treads. 02151_ Acquired Hvy. Assault Rifle. 02160_ Acquired Targeting Computer. 02179_ K-01 Serf collects debris. 02187_ A stash of uninstalled traps is collected here! 02187_ K-01 Serf collects debris. 02193_ EXIT=FOUND 02275_ K-01 Serf collects debris. 02349_ Acquired 10 matter. 02502_ U-05 Engineer forms the Earth. 02578_ The unstable cave ceiling collapses. 02578_ Crushed by falling debris. 02578_ Mining Laser destroyed. 02578_ System corrupted by crushing effect (+2). Map ----- +----------------------------------------------------+ | ???????# ######?????##!#?# ###???## | | ???????## ######?????##*[### #??????####### | | ????????##### ##???## !%*## ###??????????## # | | ??????????## #??## ### #???????????## ## | | ????????### #### ##?### #????????????# #? | | ????????# ## ##????# #????????????# #? | | ###?????## #?????# #????????????# #? | | ######### #????## ######???????# #? | | ### ##????## ######???????# #? | | ##### #?# ######????## % ##???##### #? | | ##???# #?# ##?????????# ! ##??# #? | | #????# #?# ####??????????# =% ##??# ######? | | #????# #?# #?????????????# = ##?# #?????? | | ##????# #?# #?????????????# #?# #?????? | | ######## ### #?????????????#= ## ##?# #####?? | | ### #####????????##%=##### #??# #?? | | # #???????## !###### #??# ### #?? | | ### ######### #??????## ##????# #??# #?# ### | | ### ##??????# #??????# ##?????# #??# #?# | | # ##?????# ###???## ##?????# #?## ####### | | #?????# #???######???### ### #????? | | ## ##????# ##### #??## ## ##???? | | ?## ###### ## ;# #?## #???? | | ??# ## ; #?# """" ##??? | | ### < ## ;; ## """" ##?# | | #### ### @ # """" ### | | ##??# #?## ### ## | | ## ## ##???#######??### ###?# #### | | ?#########???????????????###???## ######??# | | ????????????????????????????????###????????## | | ????????????????????????????????????????????#### | | ???????????????????????????????????????????????### | | ?????????????????????????????????????????????????? | | ?????????????????????????????????????????????????? | | | | | | | | | | | | | | | | | | | | | | | | | | | | | | | | | +----------------------------------------------------+ Best States ------------- Heat Dissipation 25 Energy Generation 10 Energy Capacity 125 Matter Stores 300 Matter Capacity 300 Sight Range 18 Terrain Scan Density 10 Resistance: KI 20 Resistance: TH 20 Resistance: EX 20 Resistance: EM 20 Resistance: I 20 Resistance: S 20 Resistance: P 20 Evasion (%) 55 Recoil Reduction 2 Offensive Hacking 10 Item Schematics ----------------- None Robot Schematics ------------------ None Fabricated ------------ Nothing Alien Tech Used ----------------- None Achievements -------------- None Challenges ------------ None Game ------ Seed AccelerationLongswordMantle Manual? 0 Play Time 00:18:10 Cumulative 29.2 hours Start 2023.04.10 @ 18:49:12 End 2023.04.10 @ 19:03:23 Sessions 1 Manual Loads 0 Difficulty Adventurer Special Mode None Game No. 16 Rogue 0 Adventurer 16 Explorer 0 Win Type - Total 0 Types 0/0/0/0/0/0/0/0/0 Lore% 25 Gallery% 35 Achievement% 30 Wizard Run 0 Options --------- ASCII 0 Keyboard 0 Movement Mouse Keybinds 0 Fullscreen 1 Font 18/X11 Map View 76x50 Tactical HUD 1 Map Filters NONE Filters NONE Steam 1 RUN: 5cf84592-14e3-4360-990e-bc2e46d8074c